 Dungeon Crawl Stone Soup version 0.27.0-1-g7a089689b8 (webtiles) character file.

Game seed: 14061377587211418419

295 voltaire321 the Poker (level 6, -2/72 HPs)
             Began as a Merfolk Gladiator on Aug 5, 2021.
             Slain by an orc (6 damage)
             ... on level 3 of the Dungeon.
             The game lasted 00:07:22 (1761 turns).

voltaire321 the Poker (Merfolk Gladiator)           Turns: 1761, Time: 00:07:24

Health: -2/72      AC: 23    Str: 15    XL:     6   Next: 34%
Magic:  6/6        EV:  2    Int:  7    God:
Gold:   82         SH:  0    Dex: 17    Spells: 5/5 levels left

rFire    . . .     SeeInvis .   a - +0 trident
rCold    . . .     Faith    .   (no shield)
rNeg     + + +     Spirit   .   (armour currently unavailable)
rPois    +         Reflect  .   (helmet currently unavailable)
rElec    .         Harm     .   (cloak currently unavailable)
rCorr    .         Rampage  .   (gloves currently unavailable)
Will     .....     NoTele   +   (boots currently unavailable)
Stlth    ++........             (no amulet)
HPRegen  0.22/turn              (no ring)
MPRegen  0.10/turn              (no ring)

@: tree-form
A: stationary, stasis, torment immunity, boosted hp, (nimble swimmer 2),
(mertail)
a: no special abilities


You were on level 3 of the Dungeon.
You were a tree.
You visited 1 branch of the dungeon, and saw 3 of its levels.

You collected 82 gold pieces.

Inventory:

Hand Weapons
 a - a +0 trident (weapon)
Missiles
 d - 3 throwing nets
 h - 2 curare-tipped darts (quivered)
 l - 6 javelins
Armour
 b - a +0 leather armour (melded)
 c - a +0 helmet (melded)
 m - a +0 cloak (melded)
 o - a +0 tower shield
Scrolls
 e - a scroll of holy word {unknown}
 i - a scroll of amnesia {unknown}
 k - a scroll of identify {unknown}
 n - a scroll of teleportation {unknown}
Potions
 j - a potion of magic {unknown}


   Skills:
 + Level 3.9 Fighting
 + Level 6.2 Polearms
 + Level 3.5 Throwing
 + Level 5.7 Dodging
 + Level 0.6 Shields


You had 5 spell levels left.
You didn't know any spells.
Your spell library contained the following spells:

 Spells                   Type           Power      Damage    Failure   Level
 Corpse Rot               Necr/Air       N/A        N/A       56%         2
 Poisonous Vapours        Pois/Air       0%         N/A       56%         2
 Freezing Cloud           Conj/Ice/Air   0%         6-21      100%        5


Dungeon Overview and Level Annotations

Branches:
Dungeon (3/15)

Altars:


Innate Abilities, Weirdness & Mutations

You are a tree.
Your roots penetrate the ground, keeping you stationary.
You cannot be teleported.
You are immune to unholy pain and torment.
Your maximum health is greatly increased.
Your equipment is partially melded.
((You are quick and stealthy near water. (Stealth+, EV+, Speed+++)))
((Your lower body shifts to a powerful aquatic tail in water.))


Message History

Press: ? - help, Dir - move target, f/p - orc
Aim: an orc, wielding a +0 trident and wearing a +0 leather armour (about 37% to evade your +0 trident)
You reach to attack!
You hit the orc but do no damage.
The orc hits you from afar with a +0 trident!
* * * LOW HITPOINT WARNING * * *
Reach: a) +0 trident
Press: ? - help, Dir - move target, f/p - orc
Aim: an orc, wielding a +0 trident and wearing a +0 leather armour (about 37% to evade your +0 trident)
You reach to attack!
You hit the orc but do no damage.
Reach: a) +0 trident
Press: ? - help, Dir - move target, f/p - orc
Aim: an orc, wielding a +0 trident and wearing a +0 leather armour (about 37% to evade your +0 trident)
You reach to attack!
You barely miss the orc. The orc hits you but does no damage.
Reach: a) +0 trident
Press: ? - help, Dir - move target, f/p - orc
Aim: an orc, wielding a +0 trident and wearing a +0 leather armour (about 37% to evade your +0 trident)
You reach to attack!
You hit the orc.
The orc is moderately wounded.
The orc hits you but does no damage.
Reach: a) +0 trident
Press: ? - help, Dir - move target, f/p - orc
Aim: an orc, wielding a +0 trident and wearing a +0 leather armour (moderately wounded, about 37% to evade your +0 trident)
You reach to attack!
You barely miss the orc.
The orc is moderately wounded.
The orc hits you but does no damage.
Reach: a) +0 trident
Press: ? - help, Dir - move target, f/p - orc
Aim: an orc, wielding a +0 trident and wearing a +0 leather armour (moderately wounded, about 37% to evade your +0 trident)
You reach to attack!
You barely miss the orc.
The orc is moderately wounded.
The orc hits you from afar with a +0 trident.
* * * LOW HITPOINT WARNING * * *
Reach: a) +0 trident
Press: ? - help, Dir - move target, f/p - orc
Aim: an orc, wielding a +0 trident and wearing a +0 leather armour (moderately wounded, about 37% to evade your +0 trident)
You reach to attack!
You hit the orc but do no damage.
The orc is moderately wounded.
The orc hits you from afar with a +0 trident.
You die...

...... ..(. .... ...
#>. #.# #o# #. #)#
###### #. #♣#
#....#### ###'####
#.##.#... #......#
#.##.#... #......#
#.##.#...
###......#####'##.#...
#......#..............
#......#........######
#......+.............'
#......#.........#####


You could see an orc.

Vanquished Creatures
  Sigmund (D:2)
  Jessica (D:3)
  An orc wizard (D:3)
  4 adders
  2 worms
  2 dart slugs
  2 orcs (D:3)
  4 ball pythons
  5 bats
  6 endoplasms
  3 giant cockroaches
  3 goblins (D:1)
  5 hobgoblins
  3 kobolds
  A quokka (D:1)
  6 frilled lizards
  3 rats (D:2)
52 creatures vanquished.

Notes
Turn   | Place    | Note
-------+----------+-------------------------------------------
     0 | D:1      | voltaire321 the Merfolk Gladiator began the quest for the
                  | Orb.
     0 | D:1      | Reached XP level 1. HP: 16/16 MP: 1/1
    34 | D:1      | Reached XP level 2. HP: 23/23 MP: 2/2
   318 | D:1      | Reached XP level 3. HP: 28/28 MP: 3/3
   570 | D:2      | Noticed Sigmund
   577 | D:2      | Reached skill level 5 in Polearms
   741 | D:2      | Killed Sigmund
   742 | D:2      | Reached skill level 5 in Dodging
   742 | D:2      | Reached XP level 4. HP: 25/35 MP: 4/4
   742 | D:2      | Reached XP level 5. HP: 29/41 MP: 5/5
  1068 | D:2      | Reached skill level 6 in Polearms
  1070 | D:2      | Found a faded altar of an unknown god.
  1400 | D:2      | Reached XP level 6. HP: 48/48 MP: 6/6
  1591 | D:3      | Noticed Jessica
  1594 | D:3      | Killed Jessica
  1761 | D:3      | Slain by an orc

Illustrated notes

Levels and vault maps discovered:
D:1:      dpeg_arrival_connections, layout_rooms, minmay_domino_4
D:2:      layout_rooms, hellmonk_ecumenical_altar_lost_god, minmay_bisected,
          uniq_sigmund
D:3:      layout_basic, kennysheep_generic_room_10, uniq_jessica

Skill      XL: |  1  2  3  4  5 |
---------------+----------------+-----
Polearms       | 5 6 |  6.2
Fighting       | 3 |  3.9
Throwing       | 3 |  3.5
Dodging        | 5 |  5.7
Shields        | |  0.6

Action                   |  1- 3 |  4- 6 || total
-------------------------+-------+-------++-------
Melee: Trident           |    83 |   127 ||   210
Throw: Dart              |     1 |     3 ||     4
  Use: Potion            |       |     2 ||     2
 Stab: Sleeping          |     1 |     1 ||     2
Armor: Leather armour    |    12 |    19 ||    31
       Skin              |       |    14 ||    14
Dodge: Dodged            |    44 |    67 ||   111
